Map: 2000 애트모스피어 - 래더

Players

SpeCial

  • Race: Terran Terran
  • League: Master

DRG - Winner!

  • Race: Zerg Zerg

Event: DreamHack SC2 Masters Last Chance 2022

VOD

Have the link to the VOD?

Description

Time

  • Played on: Dec. 19, 2021, 10:24 p.m.
  • Length: 15:55

All games in this series

Show
View Real Time Build Order
Export as new Build Order

SpeCial Terran 

Build Orders: Hellion Opening, Reaper Expand 

Get SALT Encoding   

  12  0:00  SCV  
  13  0:12  SCV  
  14  0:16  Supply Depot  
  14  0:24  SCV  
  15  0:38  SCV  
  15  0:39  Barracks  
  16  0:43  Refinery  
  16  0:50  SCV  
  17  1:02  SCV  
  18  1:14  SCV  
  19  1:26  Reaper  
  19  1:27  Orbital Command  
  20  1:40  Command Center  
  20  1:49  Supply Depot  
  20  1:53  SCV  
  21  1:58  Marine  
  22  2:05  SCV  
  23  2:10  Factory  
  23  2:16  Refinery  
  23  2:17  SCV  
  23  2:21  Barracks Reactor  
  24  2:29  SCV  
  25  2:41  SCV  
  26  2:53  SCV, Orbital Command  
  26  2:54  Starport  
  27  3:01  Hellion x2  
  27  3:05  SCV  
  32  3:07  Barracks Tech Lab  
  32  3:19  SCV  
  33  3:20  SCV  
  33  3:23  Hellion x2  
  38  3:31  SCV  
  38  3:33  SCV  
  40  3:36  Raven  
  40  3:37  Supply Depot  
  40  3:38  Marine  
  43  3:44  Hellion  
  43  3:47  SCV  
  46  3:56  Barracks Tech Lab  
  46  3:58  SCV  
  46  3:59  Hellion, SCV  
  46  4:01  Supply Depot  
  50  4:13  SCV  
  50  4:14  SCV  
  52  4:22  Hellion x2, Raven  
  58  4:26  SCV x2, Command Center  
  58  4:30  Supply Depot  
  60  4:31  Marine  
  60  4:38  SCV  
  62  4:47  Barracks  
  62  4:50  Stimpack  
  62  4:51  SCV x2, Factory Reactor  
  64  4:53  Barracks  
  64  4:55  Marine  
  65  5:03  SCV x2  
  67  5:13  Marine  
  66  5:14  Starport Reactor  
  66  5:15  SCV x2, Engineering Bay  
  66  5:16  Engineering Bay  
  68  5:28  SCV x2  
  70  5:32  Refinery  
  70  5:33  Refinery  
  70  5:34  Supply Depot  
  70  5:37  Marine  
  70  5:38  Factory Reactor  
  70  5:39  Orbital Command  
  70  5:40  Supply Depot, SCV x2  
  73  5:47  Barracks  
  73  5:48  Barracks  
  73  5:52  SCV x2  
  73  5:53  Terran Infantry Armor Level 1  
  73  5:54  Terran Infantry Weapons Level 1  
  73  5:55  Marine x2  
  73  5:56  Marine x3  
  80  5:59  Medivac  
  80  6:03  Orbital Command  
  82  6:04  SCV x2  
  82  6:07  Medivac  
  86  6:11  Supply Depot  
  86  6:13  Marine x3  
  86  6:14  Marine x2  
  86  6:15  Widow Mine  
  86  6:16  Widow Mine, SCV x2  
  97  6:20  Supply Depot  
  97  6:28  SCV x2  
  97  6:31  Marine x4  
  101  6:36  SCV  
  101  6:39  Medivac x2  
  106  6:40  Barracks Reactor x2, SCV  
  106  6:44  Widow Mine x2  
  106  6:46  Supply Depot  
  111  6:50  Marine x4  
  111  6:52  SCV x2  
  117  6:57  Supply Depot  
  117  6:59  Combat Shield  
  117  7:03  Refinery  
  117  7:05  Supply Depot  
  117  7:06  Armory  
  117  7:07  Marine  
  117  7:08  SCV, Marine x2  
  120  7:12  Marine  
  120  7:14  Marine  
  114  7:16  Widow Mine x2, Medivac  
  114  7:19  SCV  
  114  7:20  SCV  
  114  7:21  Marine  
  114  7:22  Marine  
  124  7:25  Marine  
  124  7:26  Marine x2  
  123  7:30  Marine  
  123  7:31  Marine  
  123  7:33  Marine x2  
  123  7:34  SCV x3  
  120  7:40  Sensor Tower  
  120  7:42  Marine x2  
  120  7:43  Supply Depot  
  120  7:44  Supply Depot  
  122  7:46  SCV x3  
  122  7:49  Widow Mine x2  
  129  7:53  Factory  
  129  7:56  Terran Infantry Weapons Level 2  
  127  7:59  Marine  
  127  8:00  Marine x4  
  127  8:01  Marine x2  
  127  8:03  Marine  
  135  8:06  SCV x2  
  135  8:08  SCV  
  138  8:13  Terran Infantry Armor Level 2  
  138  8:17  Marine  
  138  8:19  Marine x2  
  135  8:20  Marine  
  135  8:25  Marine x3  
  139  8:27  Medivac x2  
  143  8:34  Marine  
  143  8:39  Command Center  
  141  8:41  Marine x3  
  141  8:43  Marine  
  141  8:46  Marine  
  141  8:47  Supply Depot  
  141  8:48  Widow Mine x2, Supply Depot  
  148  8:52  Marine x4  
  150  8:57  Drilling Claws  
  150  9:01  Marine  
  147  9:05  SCV x2  
  147  9:08  Sensor Tower  
  147  9:09  Widow Mine x2, Marine x2  
  155  9:13  Marine x4  
  155  9:15  Medivac  
  155  9:16  Marine x2  
  163  9:24  Siege Tank  
  162  9:27  Marine  
  162  9:28  Marine x2  
  162  9:30  Widow Mine x2  
  162  9:31  Marine x4  
  163  9:34  Marine x2  
  159  9:45  Marine  
  160  9:46  Marine x2  
  160  9:48  Marine  
  160  9:50  Marine  
  160  9:52  Widow Mine x2  
  166  9:58  Marine  
  166  9:59  Marine x2  
  169  10:01  Marine  
  152  10:10  Marine  
  152  10:11  Widow Mine  
  152  10:13  Widow Mine, Marine  
  119  10:14  Marine  
  119  10:15  Terran Infantry Weapons Level 3, Marine x2  
  119  10:17  Marine x3  
  125  10:24  Marine  
  125  10:28  Marine  
  126  10:29  SCV x3  
  126  10:30  Marine  
  126  10:33  Siege Tank  
  134  10:38  Sensor Tower  
  134  10:41  Barracks  
  134  10:43  Planetary Fortress, Barracks  
  134  10:46  Marauder, Marine  
  134  10:49  Marine  
  138  10:51  Widow Mine x2  
  138  10:58  Marine  
  138  11:03  Missile Turret, Marine x4  
  138  11:04  Marine x2  
  144  11:07  SCV x3  
  144  11:08  Marauder  
  144  11:09  Missile Turret  
  144  11:11  Marine  
  150  11:16  Marine  
  150  11:18  Widow Mine x2  
  156  11:24  Liberator x2  
  162  11:29  Marauder, Barracks Tech Lab  
  162  11:30  Barracks Tech Lab  
  152  11:33  Marine  
  152  11:34  Marine  
  152  11:36  Marine  
  152  11:38  Terran Infantry Armor Level 3  
  155  11:41  Marine  
  156  11:49  Marine x3  
  156  11:50  Marauder x2, Marine x2  
  156  11:52  Widow Mine x2, Siege Tank  
  156  11:53  Marine x2  
  169  11:57  Marine  
  169  11:59  Marine  
  171  12:06  Missile Turret  
  171  12:07  Marine x3  
  174  12:08  Liberator x2  
  174  12:09  Marauder  
  174  12:11  Marauder  
  174  12:12  Marauder  
  174  12:13  Widow Mine  
  186  12:17  Ghost Academy  
  186  12:18  Marine, Barracks  
  186  12:20  Widow Mine, Command Center  
  188  12:29  Widow Mine  
  188  12:34  Supply Depot  
  188  12:45  Marine  
  188  12:46  Marauder x2  
  188  12:47  Marauder  
  188  12:50  Siege Tank  
  169  12:51  Medivac  
  169  12:54  Marine x2  
  165  13:02  Marine  
  141  13:06  Widow Mine  
  141  13:07  Marauder, Marine  
  141  13:08  Marauder x2  
  141  13:12  Medivac, Marine  
  131  13:15  Widow Mine  
  131  13:17  Orbital Command  
  125  13:22  Siege Tank  
  116  13:29  Marauder x2  
  116  13:30  Marine  
  116  13:31  Marauder  
  116  13:33  Marine x3  
  121  13:35  Marine x4  
  121  13:38  SCV x2  
  121  13:40  SCV, Orbital Command  
  128  13:43  Orbital Command  
  128  13:48  Marine  
  128  13:49  Medivac x2  
  128  13:50  Marauder  
  128  13:51  Marauder, Marine x2  
  134  14:00  Ghost  
  134  14:01  Marine x2  
  134  14:02  Marine  
  139  14:18  Sensor Tower  
  139  14:20  Widow Mine, Siege Tank  
  144  14:25  SCV  
  144  14:26  SCV x2  
  147  14:34  Widow Mine  
  149  14:44  Marauder, Marine x4  
  155  14:46  SCV x2  
  157  14:52  Siege Tank, Marine  
  157  14:53  Marauder  
  157  14:58  Widow Mine  
  160  15:00  Marine x2  
  162  15:08  Ghost  
  155  15:19  Widow Mine  
  146  15:28  Marine x2  
  146  15:29  Marauder, Marine x5  
  146  15:30  Marine  
  146  15:31  SCV x2  
  146  15:32  Marine  
Show
View Real Time Build Order
Export as new Build Order

DRG Zerg - Winner!

Build Orders: Hatch First, Lurkers 

Get SALT Encoding   

  12  0:00  Drone  
  13  0:11  Overlord  
  13  0:17  Drone  
  14  0:30  Drone x2  
  16  0:47  Hatchery  
  15  0:50  Drone  
  15  0:54  Drone  
  17  0:57  Drone  
  18  1:08  Extractor  
  17  1:12  Spawning Pool  
  17  1:15  Drone  
  18  1:18  Drone  
  18  1:28  Drone  
  19  1:38  Drone  
  20  1:49  Drone  
  21  1:59  Queen  
  21  2:00  Zergling x4, Queen  
  27  2:10  Overlord  
  27  2:12  Zergling x2  
  28  2:19  Hatchery  
  28  2:22  Drone  
  28  2:29  Drone  
  29  2:32  Drone  
  29  2:33  Drone  
  31  2:38  Queen  
  31  2:43  Metabolic Boost  
  33  2:47  Overlord  
  33  2:51  Drone  
  34  2:53  Drone  
  34  2:56  Drone  
  36  3:04  Overlord  
  36  3:06  Drone  
  36  3:10  Drone  
  36  3:11  Drone x2  
  40  3:14  Drone x2  
  40  3:15  Drone  
  40  3:18  Drone  
  44  3:22  Queen  
  44  3:25  Drone  
  47  3:30  Queen  
  49  3:36  Queen  
  49  3:40  Drone  
  52  3:42  Overlord  
  52  3:43  Drone  
  52  3:45  Drone  
  54  3:49  Drone x2  
  54  3:51  Zergling x4  
  58  4:00  Queen  
  58  4:01  Zergling x4  
  58  4:02  Drone x2  
  64  4:03  Drone  
  64  4:07  Drone x2  
  65  4:13  Overlord  
  65  4:18  Overlord  
  65  4:21  Overlord  
  65  4:24  Overlord  
  65  4:33  Drone, Evolution Chamber  
  65  4:34  Evolution Chamber  
  65  4:35  Queen  
  65  4:37  Drone x2  
  68  4:39  Drone  
  68  4:40  Drone x3  
  68  4:43  Drone x4  
  76  4:46  Zergling x6  
  76  4:49  Zergling x2  
  76  4:52  Spore Crawler  
  79  4:57  Zergling x4  
  80  5:04  Zergling x2  
  80  5:05  Zergling x4  
  78  5:07  Zerg Ground Armor Level 1, Zerg Melee Weapons Level 1  
  78  5:10  Drone x2  
  78  5:12  Drone  
  78  5:13  Drone  
  82  5:15  Drone x2  
  84  5:24  Drone  
  84  5:25  Drone, Queen  
  84  5:28  Overlord  
  88  5:32  Extractor  
  88  5:33  Drone, Extractor  
  87  5:35  Drone  
  87  5:38  Drone  
  87  5:42  Drone  
  90  5:45  Lair, Overlord  
  90  5:48  Drone x3  
  95  5:50  Drone x3, Spore Crawler  
  95  5:54  Overlord  
  95  5:56  Drone  
  94  6:00  Drone  
  94  6:01  Spore Crawler  
  94  6:02  Drone  
  94  6:03  Baneling Nest, Extractor  
  93  6:04  Hatchery  
  93  6:05  Extractor  
  93  6:07  Drone  
  93  6:10  Drone  
  93  6:14  Drone  
  93  6:17  Drone x2  
  96  6:19  Drone x2, Zergling x6  
  101  6:27  Overlord  
  101  6:31  Zergling x2  
  101  6:32  Zergling x6  
  105  6:34  Drone  
  107  6:40  Zergling x4  
  107  6:43  Zergling x2  
  107  6:46  Centrifugal Hooks  
  109  6:48  Zergling x12  
  109  6:49  Hydralisk Den  
  109  6:52  Baneling x10  
  113  6:54  Zergling x2  
  113  6:57  Overlord  
  113  7:00  Zergling x6  
  115  7:05  Zerg Melee Weapons Level 2  
  115  7:15  Drone x9  
  119  7:17  Drone  
  119  7:21  Zergling x6  
  125  7:23  Muscular Augments  
  125  7:24  Baneling x2  
  125  7:25  Baneling  
  123  7:33  Drone x6  
  123  7:34  Baneling x5  
  123  7:35  Baneling  
  125  7:39  Overseer  
  125  7:40  Zergling x4  
  125  7:42  Zergling x14  
  134  7:50  Zergling x2  
  134  7:52  Hatchery  
  134  7:56  Zergling x8  
  134  8:00  Zergling x4  
  134  8:04  Extractor  
  134  8:05  Extractor  
  134  8:06  Infestation Pit, Lurker Den  
  134  8:07  Zergling x6, Extractor  
  134  8:08  Overseer  
  134  8:10  Zergling x2  
  134  8:11  Zergling x2, Overlord  
  136  8:19  Zergling x18  
  133  8:23  Overseer  
  133  8:25  Zergling x6  
  133  8:26  Zergling x4  
  134  8:30  Hydralisk  
  136  8:34  Grooved Spines  
  136  8:39  Hydralisk x5  
  144  8:44  Overlord x3  
  142  8:50  Hatchery  
  142  8:52  Overlord  
  142  8:53  Hydralisk  
  143  9:01  Baneling x8  
  143  9:02  Baneling x2, Zergling x16  
  151  9:03  Hive  
  151  9:05  Drone x2  
  151  9:08  Pneumatized Carapace, Spore Crawler  
  151  9:09  Zerg Ground Armor Level 2  
  152  9:14  Hydralisk x2  
  152  9:16  Zergling x18  
  165  9:21  Zerg Missile Weapons Level 1  
  163  9:25  Hydralisk x4  
  163  9:29  Zergling x2  
  168  9:37  Zergling x2  
  168  9:38  Zergling x20  
  163  9:41  Drone x3  
  166  9:46  Overseer  
  161  9:52  Hydralisk  
  161  9:53  Hydralisk x2  
  154  10:00  Baneling x5  
  154  10:03  Zergling x14  
  147  10:07  Zergling x18  
  147  10:12  Hydralisk x3  
  149  10:18  Seismic Spines  
  149  10:24  Lurker x5  
  154  10:31  Drone x2  
  154  10:35  Lurker x2  
  158  10:36  Zergling x14  
  165  10:44  Overlord  
  165  10:47  Overseer  
  164  10:50  Hydralisk x4  
  164  10:54  Zergling x2  
  171  10:57  Overlord  
  171  11:00  Overlord x3  
  171  11:07  Drone  
  171  11:08  Drone x4  
  171  11:10  Lurker x5  
  181  11:11  Spore Crawler, Overlord x3  
  181  11:16  Adaptive Talons  
  181  11:18  Zerg Missile Weapons Level 2  
  180  11:20  Zergling x2  
  180  11:21  Zergling x10  
  186  11:27  Zergling x12  
  186  11:32  Zerg Ground Armor Level 3  
  192  11:35  Drone x3  
  192  11:53  Baneling x22, Spore Crawler  
  188  11:55  Zergling x16  
  188  12:00  Baneling x6, Zergling x2  
  188  12:01  Zergling x4  
  197  12:10  Overseer x4  
  197  12:12  Zergling x10  
  195  12:30  Zergling x10  
  199  12:41  Zergling x6  
  199  12:42  Overseer x3  
  197  12:51  Hydralisk x11  
  165  12:57  Zergling x30  
  187  13:03  Hydralisk x8  
  190  13:06  Zergling x6  
  182  13:13  Zergling x14  
  182  13:17  Zergling x8  
  173  13:20  Hydralisk  
  173  13:25  Viper x2  
  164  13:30  Drone x4  
  164  13:32  Viper x2  
  174  13:42  Lurker x4  
  174  13:44  Zergling x14  
  185  13:54  Hydralisk x2  
  189  14:11  Zergling x18  
  189  14:13  Baneling x5  
  194  14:22  Zergling x16  
  199  14:26  Overseer  
  199  14:31  Overseer x3  
  199  14:57  Hatchery  
  198  15:05  Zergling x2  
  193  15:14  Hatchery  
  193  15:16  Zergling x20  
  193  15:21  Zergling x8  
  200  15:25  Baneling x3  
  200  15:26  Baneling x7  
  200  15:28  Zergling x12  

Tags
 
Add a new tag
Caveats
  • Supply blocks, unpowered buildings, or Contaminate may cause inaccurate times.
  • Supply counts are checked every 10 seconds.